 Dungeon Crawl Stone Soup version 0.31-a0-986-g5e6e4ef867 (webtiles) character file.

Game seed: 14194965512284000382

72 LeprechaunX the Changeling (level 4, -4/29 HPs)
             Began as an Octopode Shapeshifter on Nov 20, 2023.
             Was a Priest of Jiyva.
             Slain by a gnoll
             ... wielding a +0 spear
              (9 damage)
             ... on level 3 of the Dungeon.
             The game lasted 00:01:58 (1709 turns).

LeprechaunX the Changeling (Octopode Shapeshifter)  Turns: 1709, Time: 00:01:59

Health: -4/29      AC:  1    Str: 13    XL:     4   Next: 25%
Magic:  4/4        EV: 13    Int: 14    God:    Jiyva [***...]
Gold:   62         SH:  0    Dex: 13    Spells: 3/3 levels left

rFire   . . .        b - +11 dagger "Gram" {flame, Int+2}
rCold   + . .        (no shield)
rNeg    . . .        (helmet currently unavailable)
rPois   .            k - amulet of regeneration
rElec   .            l - ring of protection from cold
rCorr   +            (no ring)
SInv    .            (no ring)
Will    .....        (no ring)
Stlth   ++           (no ring)
HPRegen 2.16/turn    (no ring)
MPRegen 0.44/turn    (no ring)
                     (no ring)

%: no passive effects
@: beast-form
A: beast (slay +2), almost no armour, amphibious, 8 rings, camouflage 1,
gelatinous body 1, (nimble swimmer 1), tentacles
a: Begin Untransformation, Renounce Religion, Oozemancy


You were on level 3 of the Dungeon.
You worshipped Jiyva.
Jiyva was most pleased with you.
You were a hulking beast.
You visited 1 branch of the dungeon, and saw 3 of its levels.

You collected 62 gold pieces.

Inventory:

Hand Weapons
 b - the +11 dagger "Gram" (weapon) {flame, Int+2}
   (You found it on level 2 of the Dungeon)

   Int+2:     It affects your intelligence (+2).
Jewellery
 f - a ring of magical power
 k - an amulet of regeneration (around mantle)
 l - a ring of protection from cold (left tentacle)
Talismans
 c - a flux talisman
 p - a beast talisman
Scrolls
 d - a scroll of noise {unknown}
 e - a scroll of identify {unknown}
 h - a scroll of teleportation {unknown}
 i - a scroll of enchant armour {unknown}
 j - a scroll of fog {unknown}
Potions
 a - a potion of lignification
 g - 2 potions of brilliance {unknown}
 m - a potion of heal wounds {unknown}
 n - 3 potions of enlightenment {unknown}
 o - a potion of attraction {unknown}


   Skills:
 + Level 2.0 Fighting
 - Level 2.0 Dodging
 + Level 3.5 Unarmed Combat
 * Level 3.9 Shapeshifting


You had 3 spell levels left.
You didn't know any spells.
Your spell library was empty.

Dungeon Overview and Level Annotations

Branches:
Dungeon (3/15)

Altars:
Gozag
Xom
Jiyva


Innate Abilities, Weirdness & Mutations

You are a hulking beast.
Your limbs bulge with bestial killing power. (Slay +2)
You cannot wear most types of armour.
You are amphibious.
You can wear up to eight rings at the same time.
Your skin changes colour to match your surroundings (Stealth+).
Your rubbery body absorbs attacks. (AC +1, EV +1)
((You are camouflaged when in or above water. (Stealth+)))
You have tentacles for arms and can constrict up to eight enemies at once.


Message History

A gnoll comes into view. It is wielding a +0 club.
A gnoll is nearby!
A gnoll is nearby!
A gnoll is nearby!
A gnoll is nearby!
A gnoll comes into view. It is wielding a +0 spear.
A gnoll comes into view. It is wielding a +0 club.
The gnoll shouts!
You hear a shout!
A gnoll comes into view. It is wielding a +0 halberd.
You hear a distant slurping noise.
You hear a squelching noise.
The gnoll shouts! x2
The gnoll completely misses you.
The gnoll hits you from afar with a +0 halberd!
The gnoll hits you with a +0 club.
You are too injured to fight recklessly!
Unknown command.
The gnoll barely misses you. The gnoll attacks as it pursues you!
The gnoll closely misses you.
The gnoll hits you from afar with a +0 halberd.
The gnoll hits you from afar with a +0 spear.
The gnoll closely misses you. The gnoll barely misses you.
You hit the gnoll. You burn the gnoll. Your grab misses the gnoll.
The gnoll is moderately wounded.
The gnoll closely misses you. The gnoll hits you with a +0 club.
You hear a distant slurping noise.
The gnoll hits you with a +0 halberd!
You closely miss the gnoll. You grab the gnoll. You squeeze the gnoll.
The gnoll is severely wounded.
You constrict the gnoll. The gnoll misses you. x2
The gnoll struggles to escape constriction.
You puncture the gnoll! You burn the gnoll.
You kill the gnoll!
The gnoll hits you from afar with a +0 spear!
The gnoll hits you with a +0 club!
* * * LOW HITPOINT WARNING * * *
Your Fighting skill increases to level 2!
You are too injured to fight recklessly!
The gnoll misses you. The gnoll attacks as it pursues you!
The gnoll hits you from afar with a +0 spear!
You die...

##....#####..#......##....#
....................##..>..
##....###..##.##.........)
#..#......###.#...###...##
.#####.#.......#..........).#.
........#.#...........###.).#.
.#####....#........##.# #...#.
#..............#.# #.....
###.####h....... ..##.# #.##
#.g...#.. #.....# #..#
#gg...#.. ##.#..#
..#####.###........ #.. ..
#............####.. .[ .
#####..............
#..###.#.###.# ##. #.#.#
##....#.#


You could see 3 gnolls.

Vanquished Creatures
  An adder (D:2)
  A gnoll (D:3)
  3 dart slugs
  3 orcs (D:3)
  An endoplasm (D:1)
  2 goblins
  5 hobgoblins
  2 jackals (D:2)
  10 kobolds
  A quokka (D:2)
  6 ball pythons
  2 bats
  3 frilled lizards
  5 rats
45 creatures vanquished.

Vanquished Creatures (others)
  An adder (D:2)
  2 dart slugs
  2 endoplasms
  An orc (D:3)
  2 ball pythons
  A bat (D:1)
  A goblin (D:2)
  A hobgoblin (D:1)
  A frilled lizard (D:1)
  2 rats
14 creatures vanquished.

Grand Total: 59 creatures vanquished

Notes
Turn   | Place    | Note
-------+----------+-------------------------------------------
     0 | D:1      | LeprechaunX the Octopode Shapeshifter began the quest for
                  | the Orb.
     0 | D:1      | Reached XP level 1. HP: 13/13 MP: 1/1
   133 | D:1      | Reached XP level 2. HP: 9/18 MP: 2/2
   182 | D:1      | Found a faded altar of an unknown god.
   234 | D:1      | Prayed at the altar of an unknown god.
   234 | D:1      | Became a worshipper of Jiyva Jeaptuit the Shapeless
   234 | D:1      | Reached * piety under Jiyva
   814 | D:2      | Reached ** piety under Jiyva
   964 | D:2      | Identified the +11 dagger "Gram" {flame, Int+2}
  1045 | D:2      | Reached XP level 3. HP: 23/23 MP: 3/3
  1095 | D:2      | Found an opulent altar of Gozag.
  1329 | D:2      | Found a shimmering altar of Xom.
  1660 | D:3      | Reached XP level 4. HP: 29/29 MP: 4/4
  1661 | D:3      | Reached *** piety under Jiyva
  1709 | D:3      | Slain by a gnoll

Illustrated notes

Levels and vault maps discovered:
D:1:      nicolae_arrival_washed_ashore, layout_loops_ring,
          hellmonk_ecumenical_altar_zigzags, minmay_tripent
D:2:      layout_loops_ring, basic_altar, minmay_hexomino_r4
D:3:      layout_rooms, lemuel_zombie_altar_kikubaaqudgha, nemelex_altar_shiori,
          mainiacjoe_overflow_alcove_4

Skill      XL: |  1  2  3  4 |
---------------+-------------+-----
Fighting       | 2 |  2.0
Dodging        | |  2.0
Unarmed Combat | |  3.5
Shapeshifting  | |  3.9

Action                     |  1- 3 |  4- 6 || total
---------------------------+-------+-------++-------
  Melee: Unarmed           |    62 |       ||    62
         Constrict         |    16 |     2 ||    18
         Tentacles         |    13 |     1 ||    14
         Punch             |     2 |       ||     2
         Dagger            |     9 |     7 ||    16
   Stab: Sleeping          |     9 |       ||     9
 Armour: Skin              |    31 |    10 ||    41
  Dodge: Dodged            |    31 |     9 ||    40

Table legend: (Time is in decaauts)
 A = Elapsed time spent in this place.
 B = Non-inter-level travel time spent in this place.
 C = Inter-level travel time spent in this place.
 D = Time resting spent in this place.
 E = Time spent auto-exploring this place.
 F = Levels seen in this place.
 G = Mean time per level.
                   A        B        C        D        E       F      G
               +--------+--------+--------+--------+--------+-----+--------+
         Total |   1704 |   1610 |     94 |      0 |   1312 |   3 |  568.0 |
       Dungeon |   1704 |   1610 |     94 |      0 |   1312 |   3 |  568.0 |
               +--------+--------+--------+--------+--------+-----+--------+

Top non-repeatable levels by time:
     D:1: 810 daAuts
     D:2: 772 daAuts
     D:3: 121 daAuts
